 Dungeon Crawl Stone Soup version 0.26-a0-466-g989023bd0d (webtiles) character file.

Game seed: 227735529937963045

3573 Apogee the Grappler (level 9, -3/93 HPs)
             Began as a Troll Fighter on July 30, 2020.
             Was an Initiate of Gozag.
             Slain by a hippogriff (9 damage)
             ... on level 7 of the Dungeon.
             The game lasted 00:07:39 (6046 turns).

Apogee the Grappler (Troll Fighter)                 Turns: 6046, Time: 00:07:40

Health: -3/93      AC:  6    Str: 29    XL:     9   Next: 84%
Magic:  8/8        EV:  8    Int:  4    God:    Gozag
Gold:   1244       SH:  9    Dex:  9    Spells: 8/8 levels left

rFire    . . .     SeeInvis .     - Unarmed
rCold    . . .     Faith    .   b - +0 kite shield
rNeg     . . .     Spirit   .   a - +0 robe
rPois    .         Reflect  .   (helmet restricted)
rElec    .         Harm     .   (no cloak)
rCorr    .                      (gloves unavailable)
MR       .....                  (boots unavailable)
Stlth    +.........             (no amulet)
HPRegen  0.65/turn              (no ring)
MPRegen  0.11/turn              (no ring)

@: mighty, lethally poisoned (-3 -> -5), gold aura, lightly drained
A: large, unfitting armour, claws 3, regeneration 1, shaggy fur 1, tough skin 3
a: Potion Petition, Call Merchant, Bribe Branch, Renounce Religion


You were on level 7 of the Dungeon.
You worshipped Gozag.
Gozag was most pleased with you.
You visited 1 branch of the dungeon, and saw 7 of its levels.

You collected 1317 gold pieces.
You paid 73 gold pieces to Gozag.

Inventory:

Missiles
 g - 206 stones (quivered)
 s - a throwing net {!f}
Armour
 a - a +0 robe (worn)
 b - a +0 kite shield (worn)
Jewellery
 f - a +4 ring of evasion {unknown}
   (You found it on level 1 of the Dungeon)
 q - an uncursed amulet of guardian spirit {unknown}
   (You found it on level 4 of the Dungeon)
Wands
 j - a wand of clouds (5)
   (You found it on level 2 of the Dungeon)
 t - a wand of flame (49)
   (You took it off Terence on level 2 of the Dungeon)
 u - a wand of paralysis (8)
   (You found it on level 4 of the Dungeon)
 x - a wand of acid (6)
   (You found it on level 5 of the Dungeon)
Scrolls
 d - 7 scrolls of identify {unknown}
 e - 6 scrolls of remove curse {unknown}
 h - a scroll of fear {unknown}
 i - 3 scrolls of teleportation {unknown}
 k - 3 scrolls of enchant weapon {unknown}
 m - a scroll of noise {unknown}
 r - a scroll of blinking {unknown}
 v - a scroll of immolation {unknown}
Potions
 c - 3 potions of might
 l - 4 potions of stabbing {unknown}
 n - 2 potions of lignification {unknown}
 o - a potion of magic {unknown}
 p - a potion of brilliance {unknown}


   Skills:
 + Level 7.2(6.9) Fighting
 - Level 2.4(2.0) Dodging
 + Level 4.3(4.0) Shields
 + Level 10.8(10.4) Unarmed Combat


You had 8 spell levels left.
You didn't know any spells.
Your spell library contained the following spells:

 Spells                   Type           Power        Failure   Level
 Foxfire                  Conj/Fire      #...         86%         1
 Conjure Flame            Conj/Fire      #.......     99%         3
 Inner Flame              Hex/Fire       #.......     99%         3
 Sticky Flame             Conj/Fire      #.......     100%        4
 Fireball                 Conj/Fire      #.........   100%        5


Dungeon Overview and Level Annotations

Branches:
Dungeon (7/15)             Temple (0/1) D:5

Altars:
Cheibriados
Fedhas
Gozag
Kikubaaqudgha
Makhleb
Nemelex Xobeh
Sif Muna
Trog
Wu Jian
Yredelemnul
The Shining One

Shops:
D:5 (

Annotations:
D:6 exclusion: door


Innate Abilities, Weirdness & Mutations

You are too large for most types of armour.
You have claws for hands.
Your natural rate of healing is unusually fast.
You are covered in fur. (AC +1)
You have extremely tough skin. (AC +3)


Message History

You mangle the killer bee!!
You kill the killer bee!
The killer bee closely misses you.
You barely miss the killer bee. The killer bee stings you.
You block the wight's attack. The killer bee barely misses you.
The killer bee becomes distracted by the nearby gold, dreaming of imaginary riches.
You barely miss the killer bee.
The killer bee buzzes angrily.
The killer bee stings you. You block the killer bee's attack.
The wight hits you with a +4 great sword.
* * * LOW HITPOINT WARNING * * *
The killer bee is no longer distracted by gold.
You block the killer bee's attack. The killer bee stings you!
* * * LOW HITPOINT WARNING * * *
The killer bee stings you!
* * * LOW HITPOINT WARNING * * *
You are poisoned.
The killer bee poisons you!
The killer bee stings you but does no damage.
You scratch the killer bee.
You feel sick.
The killer bee stings you but does no damage.
You mangle the killer bee!!
You kill the killer bee!
You feel sick.
You claw the killer bee!
You feel sick. The killer bee stings you.
* * * LOW HITPOINT WARNING * * *
You are more poisoned.
The killer bee poisons you! The killer bee stings you.
* * * LOW HITPOINT WARNING * * *
You feel very mighty all of a sudden.
You feel sick. The killer bee stings you.
* * * LOW HITPOINT WARNING * * *
You block the killer bee's attack.
You miss the killer bee.
You feel sick. The killer bee closely misses you.
You block the killer bee's attack.
You mangle the killer bee!!
You kill the killer bee!
You feel sick.
You mangle the hippogriff!!
You feel sick. The hippogriff bites you.
* * * LOW HITPOINT WARNING * * *
You block the hippogriff's attack. The hippogriff claws you.
* * * LOW HITPOINT WARNING * * *
You claw the hippogriff!
You feel sick. You block the hippogriff's attack.
The hippogriff pecks you but does no damage.
The hippogriff claws you.
* * * LOW HITPOINT WARNING * * *
You barely miss the hippogriff.
You feel sick. The hippogriff bites you!
You die...
Your body crumbles into a pile of gold.

#### ##.... .....#
#..?..# ....... ......#
###########$.....#
#......@Hz..#
#.########### #.# # #.#
.# #.# ##. ## #.######
.. .. ##### #......#
.#.### #.'.'
#..###.#####.....#####.#
#..# #...[))......##.'.'


You could see a hippogriff and a wight.

Vanquished Creatures
  Grinder (D:3)
  A wraith (D:7)
  2 orc warriors
  A sky beast (D:5)
  2 ice beasts
  2 phantoms (D:5)
  A necrophage (D:7)
  2 ogres
  Blork the orc (D:5)
  A bullfrog (D:4)
  5 scorpions
  3 killer bees (D:7)
  A troll zombie (D:7)
  5 wights
  2 bullfrog zombies
  A centaur zombie (D:7)
  6 human zombies (D:7)
  3 hounds
  4 orc priests
  A gnoll shaman (D:4)
  A bullfrog skeleton (D:4)
  3 centaur skeletons
  A jelly (D:7)
  4 orc wizards
  10 worker ants
  Terence (D:2)
  Jessica (D:2)
  2 iguanas (D:4)
  A human skeleton (D:7)
  A killer bee zombie (D:5)
  A hound zombie (D:7)
  A hound skeleton (D:5)
  A mummy (D:7)
  A river rat (D:5)
  13 gnolls
  3 adders
  2 shadow imps (D:5)
  2 white imps
  3 oozes
  An adder zombie (D:7)
  7 worms
  3 dart slugs
  4 leopard geckos
  22 orcs
  14 bats
  7 giant cockroaches
  7 goblins
  10 hobgoblins
  10 jackals
  A quokka (D:7)
  3 ball pythons
  5 frilled lizards
  6 kobolds
  A leopard gecko skeleton (D:7)
  An orc zombie (D:7)
  A quokka skeleton (D:4)
  5 rats
205 creatures vanquished.

Notes
Turn   | Place    | Note
-------+----------+-------------------------------------------
     0 | D:1      | Apogee the Troll Fighter began the quest for the Orb.
     0 | D:1      | Reached XP level 1. HP: 22/22 MP: 0/0
   119 | D:1      | Reached XP level 2. HP: 29/29 MP: 1/1
   209 | D:1      | Reached skill level 3 in Unarmed Combat
   237 | D:1      | Reached XP level 3. HP: 32/36 MP: 2/2
   615 | D:2      | Noticed Jessica
   623 | D:2      | Killed Jessica
   628 | D:2      | Reached XP level 4. HP: 43/45 MP: 3/3
   780 | D:2      | Noticed Terence
   809 | D:2      | Killed Terence
   809 | D:2      | Reached skill level 4 in Unarmed Combat
   917 | D:2      | Reached XP level 5. HP: 52/53 MP: 4/4
  1231 | D:3      | Found a burning altar of Makhleb.
  1231 | D:3      | Found a glowing golden altar of the Shining One.
  1231 | D:3      | Found a bloodstained altar of Trog.
  1231 | D:3      | Found an ancient bone altar of Kikubaaqudgha.
  1245 | D:3      | Found an ornate altar of the Wu Jian Council.
  1245 | D:3      | Found a snail-covered altar of Cheibriados.
  1271 | D:3      | Found a sparkling altar of Nemelex Xobeh.
  1301 | D:3      | Found an opulent altar of Gozag.
  1316 | D:3      | Became a worshipper of Gozag Ym Sagoz the Greedy
  1334 | D:3      | Reached skill level 5 in Unarmed Combat
  1558 | D:3      | Reached XP level 6. HP: 62/62 MP: 5/5
  1611 | D:3      | Noticed Grinder
  1630 | D:3      | Killed Grinder
  1630 | D:3      | Reached skill level 6 in Unarmed Combat
  1750 | D:3      | Found a blossoming altar of Fedhas.
  2091 | D:4      | Reached XP level 7. HP: 42/70 MP: 6/6
  2354 | D:4      | Found a basalt altar of Yredelemnul.
  2373 | D:4      | Reached skill level 7 in Unarmed Combat
  2864 | D:4      | Reached skill level 5 in Fighting
  3034 | D:4      | Reached XP level 8. HP: 74/80 MP: 7/7
  3069 | D:5      | Entered Level 5 of the Dungeon
  3117 | D:5      | Found a burning altar of Makhleb.
  3142 | D:5      | Reached skill level 8 in Unarmed Combat
  3281 | D:5      | Found a staircase to the Ecumenical Temple.
  3444 | D:5      | Found Xepserio's Antique Weapon Emporium.
  3852 | D:5      | Noticed Blork the orc
  3857 | D:5      | Killed Blork the orc
  3893 | D:5      | Reached skill level 9 in Unarmed Combat
  4287 | D:6      | Found a shimmering blue altar of Sif Muna.
  4318 | D:6      | Reached XP level 9. HP: 74/89 MP: 8/8
  4496 | D:6      | Reached skill level 10 in Unarmed Combat
  5485 | D:7      | Found an ancient bone altar of Kikubaaqudgha.
  6046 | D:7      | Slain by a hippogriff

Illustrated notes

Levels and vault maps discovered:
D:1:      dpeg_arrival_concentric_ovals, layout_rooms
D:2:      layout_rooms, serial_bayou_ford_a, hangedman_decor_points,
          chequers_serial_rivers_micro_e, uniq_jessica, uniq_terence
D:3:      minmay_angry_zag, layout_basic, nemelex_xobeh_ov_fountains_minmay,
          fedhas_ov_isle_minmay, minmay_overflow_temple_hex,
          grunt_gozag_breadcrumbs, uniq_grinder
D:4:      layout_loops_ring, lemuel_doored_altar, chequers_avenue
D:5:      layout_basic, minmay_temple_entry_wispy, serial_shops, shop,
          basic_altar, cheibrodos_sewer_entry_sluice, uniq_blork_the_orc
D:6:      layout_basic, led_sif_book
D:7:      layout_loops_ring, serial_shops, shop, dk_noncrumbling_4,
          minmay_misc_feat_four_crosses, lemuel_mausoleum_altar_kikubaaqudgha

Skill      XL: |  1  2  3  4  5  6  7  8  9 |
---------------+----------------------------+-----
Unarmed Combat | 3 4 5 6 7 9 10 | 10.8
Fighting       | 3 4 5 6 7 |  7.2
Shields        | 4 |  4.3
Dodging        | |  2.4

Action                   |  1- 3 |  4- 6 |  7- 9 || total
-------------------------+-------+-------+-------++-------
Melee: Unarmed           |    67 |   175 |   400 ||   642
       Punch             |       |     1 |    10 ||    11
  Use: Potion            |       |       |     1 ||     1
 Stab: Sleeping          |       |     1 |     1 ||     2
       Distracted        |       |     1 |     1 ||     2
Armor: Robe              |    24 |    69 |   100 ||   193
Dodge: Dodged            |    36 |   107 |   140 ||   283
Block: Kite shield       |       |       |    10 ||    10

Table legend: (Time is in decaauts)
 A = Elapsed time spent in this place.
 B = Non-inter-level travel time spent in this place.
 C = Inter-level travel time spent in this place.
 D = Time resting spent in this place.
 E = Time spent auto-exploring this place.
 F = Levels seen in this place.
 G = Mean time per level.
                   A        B        C        D        E       F      G
               +--------+--------+--------+--------+--------+-----+--------+
         Total |   5988 |   5727 |    261 |     98 |   4223 |   7 |  855.4 |
       Dungeon |   5988 |   5727 |    261 |     98 |   4223 |   7 |  855.4 |
               +--------+--------+--------+--------+--------+-----+--------+

Top non-repeatable levels by time:
     D:4: 1092 daAuts
     D:5: 978 daAuts
     D:6: 936 daAuts
     D:3: 933 daAuts
     D:7: 910 daAuts
     D:1: 572 daAuts
     D:2: 565 daAuts
